 Dungeon Crawl Stone Soup version 0.25-a0-310-g60f0ac2d9a (webtiles) character file.

Game seed: 10920524163085726826, levelgen mode: classic

455 Borgoz the Slasher (level 7, -5/42 HPs)
             Began as a Gargoyle Gladiator on Dec 23, 2019.
             Slain by Sigmund
             ... wielding a +0 scythe
              (9 damage)
             ... on level 3 of the Dungeon.
             The game lasted 00:04:27 (2919 turns).

Borgoz the Slasher (Gargoyle Gladiator)             Turns: 2919, Time: 00:04:27

Health: -5/42      AC:  9    Str: 17    XL:     7   Next: 5%
Magic:  7/7        EV: 13    Int:  9    God:
Gold:   168        SH:  0    Dex: 13    Spells: 6/6 levels left

rFire    . . .     SeeInvis .   a - +0 long sword
rCold    . . .     Gourm    .   (no shield)
rNeg     + . .     Faith    .   b - +0 leather armour
rPois    ∞         Spirit   .   c - +0 helmet
rElec    +         Reflect  .   (no cloak)
rCorr    .         Harm     .   (no gloves)
MR       .....                  (no boots)
Stlth    +.........             (no amulet)
HPRegen  0.14/turn              (no ring)
MPRegen  0.10/turn              (no ring)

@: hasted, very quick
A: negative energy resistance 1, electricity resistance, unbreathing,
petrification resistance, rot immunity, AC +4
a: no special abilities


You were on level 3 of the Dungeon.
You were near starving.

You visited 1 branch of the dungeon, and saw 4 of its levels.

You collected 168 gold pieces.

Inventory:

Hand Weapons
 a - a +0 long sword (weapon)
Missiles
 d - 4 throwing nets (quivered)
Armour
 b - a +0 leather armour (worn)
 c - a +0 helmet (worn)
Jewellery
 o - an uncursed ring of protection from cold {unknown}
Scrolls
 g - a scroll of immolation {unknown}
 h - a scroll of blinking {unknown}
 j - a scroll of magic mapping {unknown}
 k - a scroll of random uselessness {unknown}
 l - a scroll of teleportation {unknown}
 m - a scroll of amnesia {unknown}
Potions
 e - a potion of cancellation
 i - a potion of agility {unknown}
 p - a potion of haste
Comestibles
 f - 10 rations


   Skills:
 + Level 3.9 Fighting
 * Level 4.9 Long Blades
 - Level 1.7 Throwing
 + Level 3.1 Armour
 + Level 3.6 Dodging


You had 6 spell levels left.
You didn't know any spells.
Your spell library contained the following spells:

 Spells                   Type           Power        Failure   Level  Hunger
 Animate Skeleton         Necr           N/A          43%         1    ##.....
 Pain                     Necr           #...         43%         1    ##.....
 Regeneration             Chrm/Necr      #.........   82%         3    ####...
 Vampiric Draining        Necr           #.........   82%         3    ####...
 Animate Dead             Necr           N/A          99%         4    #####..


Dungeon Overview and Level Annotations

Branches:
Dungeon (4/15)
 Temple: D:4-7

Altars:
Cheibriados
Dithmenos
Elyvilon
Fedhas
Gozag
Hepliaklqana
Ru
Vehumet
Yredelemnul
The Shining One

Shops:
D:4 }

Annotations:
D:3 Sigmund


Innate Abilities, Weirdness & Mutations

You are resistant to torment.
Your stone body is resilient. (AC +4)
You are immune to poison.
You resist negative energy. (rN+)
You are resistant to electric shocks. (rElec)
You can survive without breathing.
You are immune to petrification.
You are immune to rotting.


Message History

You feel less confused.
You hit something. Something hits you!
* * * LOW HITPOINT WARNING * * *
You miss something.
You hear some strange, mumbled words.
You are confused.
You barely miss something. Something barely misses you.
You hit something but do no damage. Something completely misses you.
Something hits you.
* * * LOW HITPOINT WARNING * * *
You're too confused to move!
You bump into the rock wall.
Something hits you.
* * * LOW HITPOINT WARNING * * *
You bump into the rock wall.
Okay, then.
You hit something.
You feel less confused. Something hits you!
You die...

....... ...#### .....?.
#.......# ....... #.......#
.......
.#.......#######.......
.........#.............
.........#.............
.........#{............
#.......(.@..†#......#
#.......#####.#......#
#+##.#.......#.....#.......
...#.#######....#......###.
...#.#######...(.......#
.......................#
.#.....########.......
#.....### ........#
#.......# ######


There were no monsters in sight!

Vanquished Creatures
  A centaur (D:3)
  A crimson imp (D:4)
  2 orc priests (D:3)
  2 orc wizards (D:4)
  An iguana (D:4)
  A worker ant (D:4)
  4 gnolls (D:2)
  4 adders
  An adder skeleton (D:2)
  A worm (D:3)
  A dart slug (D:2)
  3 leopard geckos
  14 orcs
  2 giant cockroaches
  6 goblins
  7 hobgoblins
  8 jackals
  A quokka (D:4)
  7 bats
  A jackal skeleton (D:4)
  9 kobolds
  A quokka skeleton (D:4)
  4 rats
82 creatures vanquished.

Notes
Turn   | Place    | Note
-------+----------+-------------------------------------------
     0 | D:1      | Borgoz the Gargoyle Gladiator began the quest for the Orb.
     0 | D:1      | Reached XP level 1. HP: 12/12 MP: 1/1
    45 | D:1      | Reached XP level 2. HP: 16/17 MP: 2/2
    47 | D:1      | Reached skill level 3 in Long Blades
   254 | D:1      | Reached skill level 1 in Armour
   453 | D:2      | Reached XP level 3. HP: 19/22 MP: 3/3
   609 | D:2      | Found a glowing golden altar of the Shining One.
   613 | D:2      | Found an opulent altar of Gozag.
   615 | D:2      | Found a snail-covered altar of Cheibriados.
   615 | D:2      | Found a hazy altar of Hepliaklqana.
   615 | D:2      | Found a blossoming altar of Fedhas.
   616 | D:2      | Found a radiant altar of Vehumet.
   617 | D:2      | Found a white marble altar of Elyvilon.
   618 | D:2      | Found a shadowy altar of Dithmenos.
   619 | D:2      | Found a sacrificial altar of Ru.
   620 | D:2      | Found a basalt altar of Yredelemnul.
   945 | D:2      | Reached XP level 4. HP: 27/27 MP: 4/4
  1427 | D:3      | Noticed a centaur
  1438 | D:3      | Reached XP level 5. HP: 16/32 MP: 5/5
  1449 | D:3      | Killed a centaur
  1449 | D:3      | Reached skill level 4 in Long Blades
  1457 | D:3      | Reached XP level 6. HP: 27/37 MP: 6/6
  1872 | D:3      | Noticed Sigmund
  2386 | D:4      | Found Cahu's Gadget Shoppe.
  2557 | D:4      | Reached XP level 7. HP: 40/42 MP: 7/7
  2919 | D:3      | Slain by Sigmund

Levels and vault maps discovered:
D:1:      dpeg_arrival_stonehenge_8_columns, layout_basic
D:2:      layout_loops_ring, minitemple
D:3:      layout_basic, uniq_robin, uniq_sigmund
D:4:      layout_layer_cave, first_ration, serial_shops, shop

Skill      XL: |  1  2  3  4  5  6 |
---------------+-------------------+-----
Long Blades    | 3 4 |  4.9
Armour         | 1 2 3 |  3.1
Dodging        | 3 |  3.6
Fighting       | 3 |  3.9
Throwing       | |  1.7

Action                   |  1- 3 |  4- 6 |  7- 9 || total
-------------------------+-------+-------+-------++-------
Melee: Long sword        |   105 |   136 |    41 ||   282
  Use: Scroll            |       |     3 |       ||     3
       Potion            |       |     4 |     1 ||     5
  Eat: Chunk             |       |     5 |       ||     5
Armor: Leather armour    |    61 |    48 |    16 ||   125
Dodge: Dodged            |   100 |    95 |    17 ||   212
       Rpst.: Long sword |    32 |    28 |     4 ||    64

Table legend:
 A = Non-vault XP
 B = Vault XP
 C = Vault XP percentage of total XP
 D = Non-vault monster count
 E = Vault monster count
 F = Vault count percentage of total count
                 A         B        C        D         E       F
            +---------+---------+-------+---------+---------+-------
      Total |     650 |       0 |   0.0 |      82 |       0 |   0.0
            +---------+---------+-------+---------+---------+-------
        D:1 |      40 |       0 |   0.0 |      24 |       0 |   0.0
        D:2 |      99 |       0 |   0.0 |      19 |       0 |   0.0
        D:3 |     293 |       0 |   0.0 |      27 |       0 |   0.0
        D:4 |     218 |       0 |   0.0 |      12 |       0 |   0.0
            +---------+---------+-------+---------+---------+-------
